 Dungeon Crawl Stone Soup version 0.29.1 (webtiles) character file.

Game seed: 8673725156058187251

191 LabCoat the Chopper (level 5, -2/47 HPs)
             Began as a Hill Orc Fighter on Sept 13, 2022.
             Slain by Grinder (8 damage)
             ... on level 3 of the Dungeon.
             The game lasted 00:07:25 (2109 turns).

LabCoat the Chopper (Hill Orc Fighter)              Turns: 2109, Time: 00:07:26

Health: -2/47      AC: 13    Str: 21    XL:     5   Next: 70%
Magic:  5/5        EV:  7    Int:  8    God:
Gold:   130        SH:  6    Dex: 10    Spells: 4/4 levels left

rFire   . . .      SeeInvis .   a - +0 war axe
rCold   . . .      Faith    .   i - +2 buckler
rNeg    . . .      Spirit   .   k - +0 chain mail
rPois   .          Reflect  .   q - +0 helmet
rElec   .          Harm     .   f - +0 cloak
rCorr   .          Rampage  .   l - +0 pair of gloves
Will    .....                   (no boots)
Stlth   ..........              (no amulet)
HPRegen 0.15/turn               (no ring)
MPRegen 0.09/turn               (no ring)

@: mighty, about to teleport
A: no striking features
a: no special abilities


You were on level 3 of the Dungeon.
You visited 1 branch of the dungeon, and saw 3 of its levels.

You collected 130 gold pieces.

Inventory:

Hand Weapons
 a - a +0 war axe (weapon)
 o - a +0 flail
Armour
 f - a +0 cloak (worn)
 i - a +2 buckler (worn)
 k - a +0 chain mail (worn)
 l - a +0 pair of gloves (worn)
 q - a +0 helmet (worn)
Wands
 h - a wand of acid (3)
Scrolls
 b - 2 scrolls of immolation {unknown}
 e - 3 scrolls of teleportation
 g - 2 scrolls of enchant armour
 j - a scroll of silence {unknown}
 n - a scroll of amnesia {unknown}
 p - a scroll of identify
Potions
 c - a potion of flight
 d - 2 potions of might
 m - a potion of cancellation


   Skills:
 + Level 4.5 Fighting
 * Level 4.9 Axes
 + Level 4.1 Armour
 + Level 4.1 Shields
 + Level 1.4 Evocations


You had 4 spell levels left.
You didn't know any spells.
Your spell library contained the following spells:

 Spells                   Type           Power      Damage    Failure   Level
 Ensorcelled Hibernation  Hex/Ice        0%         N/A       100%        2
 Passwall                 Tmut/Erth      0%         N/A       100%        2
 Swiftness                Air            0%         N/A       100%        3


Dungeon Overview and Level Annotations

Branches:
Dungeon (3/15)

Altars:
Sif Muna

Shops:
D:3 [

Annotations:
D:3 Grinder


Message History

You barely miss something. Grinder gestures at you.
Pain shoots through your body!
You hear some strange, mumbled words.
A puff of flame appears from out of thin air!
The puff of flame hits you.
You miss something.
Grinder zaps a wand.
The roots erupt in riotous growth!
The grasping roots grab you! The grasping roots constrict you.
Something hits you but does no damage. The grasping roots constrict you.
Something hits you but does no damage.
You closely miss something. The grasping roots constrict you.
Something hits you but does no damage.
The grasping roots release their grip on you.
You closely miss something.
You hear some strange, mumbled words.
You are confused.
Something hits you but does no damage.
Items here: )) [ †.
Something completely misses you.
You bump into the rock wall.
Grinder gestures at you. Something hits you but does no damage.
You slash something!
Reactivating autopickup.
You feel a bit more experienced.
You feel very mighty all of a sudden.
You feel less confused. Grinder gestures at you.
You suddenly lose the ability to move!
Grinder hits you but does no damage. Grinder hits you.
You writhe in agony.
* * * LOW HITPOINT WARNING * * *
Grinder hits you but does no damage. x2
You can move again.
You barely miss Grinder. Grinder hits you but does no damage.
Grinder gestures at you. Pain shoots through your body!
* * * LOW HITPOINT WARNING * * *
As you read the scroll of teleportation, it crumbles to dust.
You feel strangely unstable. Grinder hits you!
You die...

#... ......# #...
....... #...
....... ... ......
..#.... # ....#.≈.
#. ####.).#§§§.≈≈
##.##.@5...#.§≈.≈≈
#.......#....≈≈.≈§
#.......##...§§§§
#.......##.#.§§§§≈
#.......##.#..≈§≈.
#..........#...§..
#>.......#..# #
#.......###.#
.......#####.##


You could see Grinder.

Vanquished Creatures
  An orc wizard (D:3)
  Robin (D:2)
  7 gnolls (D:2)
  3 adders (D:2)
  A worm (D:2)
  A dart slug (D:1)
  3 orcs (D:3)
  2 endoplasms (D:1)
  14 goblins
  3 hobgoblins
  4 quokkas
  3 ball pythons
  A bat (D:1)
  5 frilled lizards
  3 kobolds
  6 rats (D:1)
58 creatures vanquished.

Notes
Turn   | Place    | Note
-------+----------+-------------------------------------------
     0 | D:1      | LabCoat the Hill Orc Fighter began the quest for the Orb.
     0 | D:1      | Reached XP level 1. HP: 19/19 MP: 1/1
   240 | D:1      | Reached XP level 2. HP: 25/27 MP: 2/2
   365 | D:1      | Found a faded altar of an unknown god.
   551 | D:1      | Reached XP level 3. HP: 30/33 MP: 3/3
  1261 | D:2      | Reached XP level 4. HP: 40/40 MP: 4/4
  1460 | D:2      | Reached skill level 1 in Evocations
  1467 | D:2      | Reached XP level 5. HP: 20/47 MP: 5/5
  1823 | D:2      | Noticed Robin
  1850 | D:2      | Killed Robin
  2021 | D:3      | Found Douk's Armour Shoppe.
  2075 | D:3      | Found a shimmering blue altar of Sif Muna.
  2093 | D:3      | Noticed Grinder
  2103 | D:3      | Paralysed by Grinder for 5 turns
  2109 | D:3      | Slain by Grinder

Illustrated notes

Levels and vault maps discovered:
D:1:      dpeg_arrival_leaves_temple_mockup, layout_basic,
          hellmonk_ecumenical_altar_lost_god, st_stairs_12
D:2:      layout_loops_ring, uniq_robin
D:3:      layout_rooms, nicolae_tso_swordbearing_angel,
          mainiacjoe_overflow_catwalk, serial_shops, shop, st_stairs_13,
          uniq_grinder, uniq_ijyb, uniq_sigmund

Skill      XL: |  1  2  3  4  5 |
---------------+----------------+-----
Axes           | 3 4 |  4.9
Fighting       | 4 |  4.5
Evocations     | 1 |  1.4
Armour         | 4 |  4.1
Shields        | 4 |  4.1

Action                   |  1- 3 |  4- 6 || total
-------------------------+-------+-------++-------
Melee: War axe           |    82 |    82 ||   164
Evoke: Wand              |     2 |     5 ||     7
  Use: Scroll            |     2 |     3 ||     5
       Potion            |       |     1 ||     1
Armor: Scale mail        |    22 |       ||    22
       Chain mail        |     2 |    60 ||    62
Dodge: Dodged            |    34 |    29 ||    63
Block: Buckler           |    22 |    24 ||    46
